 Dungeon Crawl Stone Soup version 0.29.1-13-g9f3cf754e1 (webtiles) character file.

Game seed: 8981232998616700699

30 BallerZ the Trooper (level 3, -2/29 HPs)
             Began as a Human Berserker on Jan 11, 2023.
             Was a Follower of Trog.
             Slain by Sigmund
             ... wielding a +0 scythe
              (8 damage)
             ... on level 2 of the Dungeon on Feb 7, 2023.
             The game lasted 00:07:06 (619 turns).

BallerZ the Trooper (Human Berserker)                Turns: 619, Time: 00:07:07

Health: -2/29      AC:  3    Str: 21    XL:     3   Next: 37%
Magic:  12/12      EV: 11    Int:  7    God:    Trog [*.....]
Gold:   23         SH:  0    Dex: 10    Spells: 2/2 levels left

rFire   + . .      SeeInvis .   e - +1 dagger (vamp)
rCold   . . .      Faith    .   (no shield)
rNeg    . . .      Spirit   .   g - +0 leather armour
rPois   .          Reflect  .   (no helmet)
rElec   .          Harm     .   (no cloak)
rCorr   +          Rampage  .   (no gloves)
Will    .....                   (no boots)
Stlth   +.........              (no amulet)
HPRegen 0.09/turn               d - ring of Fuiclom {rF+ rCorr MP+9 Str+2 Dex-2}
MPRegen 0.13/turn               (no ring)

@: on berserk cooldown, slowed, very slow
A: no striking features
a: Renounce Religion, Berserk


You were on level 2 of the Dungeon.
You worshipped Trog.
Trog was aware of your devotion.
You visited 1 branch of the dungeon, and saw 2 of its levels.

You collected 23 gold pieces.

Inventory:

Hand Weapons
 a - a +0 falchion
 e - a +1 vampiric dagger (weapon)
Missiles
 f - 6 poisoned darts (quivered)
Armour
 b - a +0 animal skin
 g - a +0 leather armour (worn)
Jewellery
 d - the ring of Fuiclom (left hand) {rF+ rCorr MP+9 Str+2 Dex-2}
   (You acquired it on level 1 of the Dungeon)

   [ring of magical power]

   Str:       It affects your strength (+2).
   Dex:       It affects your dexterity (-2).
   rF:        It protects you from fire.
   MP:        It affects your magic capacity (+9).
   rCorr:     It protects you from acid and corrosion.


   Skills:
 + Level 3.2 Fighting
 * Level 1.2(2.4) Short Blades
 + Level 3.2(3.4) Long Blades
 + Level 0.2 Throwing
 + Level 2.1 Armour
 + Level 2.1 Dodging
 * Level 0.6 Stealth


You had 2 spell levels left.
You didn't know any spells.
Your spell library was empty.

Dungeon Overview and Level Annotations

Branches:
Dungeon (2/15)

Altars:

Annotations:
D:2 Sigmund


Message History

f - 6 poisoned darts (gained 1)
f - 7 poisoned darts (gained 1)
f - 8 poisoned darts (gained 1) As you open the door, it creaks loudly!
Found 8 gold pieces.
There is an open door here.
Found 15 gold pieces.
You now have 23 gold pieces (gained 8).
Sigmund the Dreaded comes into view.
He is wielding a +0 scythe.
A hobgoblin comes into view.
Sigmund shouts!
The hobgoblin shouts!
Sigmund screams, "You will never...
NEVER!!!"
Sigmund barely misses you.
Okay, then.
Throw: 8 darts (poison)
Press: ? - help, Q - select action Shift-Dir - straight line, f - Sigmund
Aim: Sigmund, wielding a +0 scythe and wearing a +0 robe (52% to hit)
You throw a poisoned dart. The poisoned dart hits Sigmund.
Sigmund closely misses you.
You barely miss the hobgoblin.
Sigmund gestures wildly while chanting.
Sigmund flickers and vanishes!
Deactivating autopickup; reactivate with Ctrl-A.
The hobgoblin misses you. Something hits you!
* * * LOW HITPOINT WARNING * * *
The hobgoblin hits you.
* * * LOW HITPOINT WARNING * * *
It was a potion of heal wounds.
You feel much better. The hobgoblin hits you. Something hits you!
Throw: 7 darts (poison)
Press: ? - help, Q - select action Shift-Dir - straight line, f - hobgoblin
Aim: a hobgoblin (56% to hit)
You throw a poisoned dart. The poisoned dart hits the hobgoblin.
The hobgoblin is poisoned.
The hobgoblin hits you.
* * * LOW HITPOINT WARNING * * *
The hobgoblin hits you.
* * * LOW HITPOINT WARNING * * *
Something hits you!
You die...

##.......# ........##
#........ #.......#
#.......# .
#...(..$##...
#...{......# #....g.#
#.# #....@.#
#.########## #......#
#.#......... ###.#.##
#.#.........
#..#.####.#.........
....#......'.........
.###
########......... .
.......<..#######
#####............
+.†.'............


You could see a hobgoblin (poisoned).

Vanquished Creatures
  2 adders (D:2)
  A dart slug (D:1)
  An endoplasm (D:1)
  2 goblins (D:1)
  2 hobgoblins (D:1)
  A quokka (D:1)
  A frilled lizard (D:1)
  A rat (D:1)
11 creatures vanquished.

Notes
Turn   | Place    | Note
-------+----------+-------------------------------------------
     0 | D:1      | BallerZ the Human Berserker began the quest for the Orb.
     0 | D:1      | Reached XP level 1. HP: 18/18 MP: 1/1
    80 | D:1      | Identified a scroll of acquirement
    80 | D:1      | Acquired the ring of Fuiclom {rF+ rCorr MP+9 Str+2 Dex-2}
   118 | D:1      | Upgraded the game from 0.29.1-12-g30fa7ad0bf to
                  | 0.29.1-13-g9f3cf754e1
   248 | D:1      | Reached XP level 2. HP: 10/24 MP: 2/2
   365 | D:1      | Reached skill level 1 in Short Blades
   528 | D:2      | Reached XP level 3. HP: 14/29 MP: 3/3
   611 | D:2      | Noticed Sigmund
   619 | D:2      | Slain by Sigmund

Illustrated notes

Levels and vault maps discovered:
D:1:      scummos_arrival_star, layout_basic, serial_shops, nicolae_shop_stone,
          hellmonk_ecumenical_altar_pennies_from_heaven
D:2:      layout_basic, basic_altar, minmay_cupped, uniq_sigmund

Skill      XL: |  1  2 |
---------------+-------+-----
Short Blades   | 1 |  1.2
Fighting       | |  3.2
Long Blades    | |  3.2
Throwing       | |  0.2
Armour         | |  2.1
Dodging        | |  2.1
Stealth        | |  0.6

Action                   || total
-------------------------++-------
Melee: Falchion          ||    10
       Dagger            ||    34
Throw: Dart              ||    13
  Use: Scroll            ||     2
       Potion            ||     2
Armor: Leather armour    ||     7
Dodge: Dodged            ||    23
